 Dungeon Crawl Stone Soup version 0.25-a0-782-g655279ceaa (webtiles) character file.

Game seed: 5572112247491830691, levelgen mode: deterministic

93 tilp the Bolt Thrower (level 4, -1/25 HPs)
             Began as a Kobold Arcane Marksman on Apr 16, 2020.
             Slain by an adder (4 damage)
             ... on level 3 of the Dungeon.
             The game lasted 00:04:48 (2524 turns).

tilp the Bolt Thrower (Kobold Arcane Marksman)      Turns: 2524, Time: 00:04:48

Health: -1/25      AC:  4    Str:  5 (8)  XL:     4   Next: 91%
Magic:  5/5        EV: 14    Int: 11 (14) God:
Gold:   81         SH:  0    Dex: 12 (15) Spells: 2/5 levels left

rFire    + . .     SeeInvis .   b - +1 spear (pain)
rCold    + . .     Gourm    .   (shield restricted)
rNeg     . . .     Faith    .   h - +0 leather armour
rPois    +         Spirit   .   (no helmet)
rElec    +         Reflect  .   (no cloak)
rCorr    +         Harm     .   (no gloves)
MR       .....                  p - +0 pair of boots
Stlth    +.........             i - amulet of magic regeneration
HPRegen  0.08/turn              (no ring)
MPRegen  0.34/turn              (no ring)

@: resistant, flying
A: small, carnivore
a: no special abilities


You were on level 3 of the Dungeon.
You were very full.

You visited 1 branch of the dungeon, and saw 3 of its levels.

You collected 81 gold pieces.

Inventory:

Hand Weapons
 a - a +0 hand crossbow
 b - a +1 spear of pain (weapon)
Missiles
 d - 2 bolts
Armour
 h - a +0 leather armour (worn)
 p - a +0 pair of boots (worn)
Jewellery
 c - a +4 amulet of reflection {unknown}
 e - an uncursed amulet of guardian spirit {unknown}
 i - an amulet of magic regeneration (around neck)
Scrolls
 j - a scroll of enchant weapon {unknown}
 l - a scroll of identify {unknown}
 m - a scroll of teleportation {unknown}
 o - a scroll of fog {unknown}
 q - a scroll of remove curse {unknown}
Potions
 g - a potion of flight
Comestibles
 f - 3 rations
 r - 3 chunks of flesh


   Skills:
 - Level 1.1 Fighting
 + Level 5.7 Crossbows
 - Level 2.4 Dodging
 - Level 1.1 Spellcasting
 - Level 3.0 Hexes


You had 2 spell levels left.
You knew the following spells:

 Your Spells              Type           Power        Failure   Level  Hunger
a - Corona                Hex            #......      16%         1    ##.....
b - Slow                  Hex            #.......     24%         2    ###....

Your spell library contained the following spells:

 Spells                   Type           Power        Failure   Level  Hunger
 Inner Flame              Hex/Fire       #.......     65%         3    ####...
 Portal Projectile        Hex/Tloc       #.....       65%         3    ####...
 Cause Fear               Hex            #.........   83%         4    #####..
 Leda's Liquefaction      Hex/Erth       #.........   96%         4    #####..


Dungeon Overview and Level Annotations

Branches:
Dungeon (3/15)

Altars:
Elyvilon
Fedhas

Portals:
Sewer: D:3


Innate Abilities, Weirdness & Mutations

You are small and have problems with some larger weapons.
You are carnivorous and can eat meat at any time.


Message History

Aim: an adder (chance to defeat MR: 50%)
The adder resists with some effort.
The adder misses you.
Casting: Slow (safe; 24% risk of failure)
Confirm with . or Enter, or press ? or * to list all spells.
You don't have enough magic to cast that spell.
Unknown command.
You feel sick.
A jackal comes into view.
The adder closely misses you.
The jackal barks!
The adder closely misses you.
You feel sick. The adder closely misses you.
Found a lumpy golden potion.
You feel sick. The adder misses you.
You feel sick.
You are no longer poisoned.
The adder bites you.
You die...

*,**,,*,,,,,,**,#.* *,#.,
*,**,,,,******#.#!##########*,*.,
*,**,*,** #............##.*#.
*,**,*,*****###..##≈≈≈≈≈##.##.*#.
,,,,,,,,,,,,,..(.##≈≈≈≈≈##.##.*#.
*,**,*,,,,,,,....≈≈.....≈≈≈##.###
*,**,********##..≈≈.....≈≈.##..#
,,**,* #...≈≈..∩......##.# ****,*
#.#@≈≈.÷...≈≈..##.## * *,*
#..S≈≈(....≈≈......÷ * *,****
###≈##≈≈.(≈##.###.## * *,,,,*
#h##≈≈.≈≈##.###.#* ****,,,,***
#h((.............,
,,,,,,,,,,######.####..........##
***,,,,,,.!.........h.#######..#*
***,,,,,>.######.####.# #..#*
,,***,,,*** #.# #.# #..#*


You could see an adder and 2 jackals.

Vanquished Creatures
  4 adders
  5 worms
  8 bats
  A giant cockroach (D:1)
  3 goblins (D:2)
  6 hobgoblins
  2 jackals (D:2)
  A ball python (D:3)
  2 frilled lizards
  6 kobolds
  7 rats
45 creatures vanquished.

Notes
Turn   | Place    | Note
-------+----------+-------------------------------------------
     0 | D:1      | tilp the Kobold Arcane Marksman began the quest for the
                  | Orb.
     0 | D:1      | Reached XP level 1. HP: 12/12 MP: 2/2
    36 | D:1      | Reached skill level 3 in Crossbows
    38 | D:1      | Reached XP level 2. HP: 16/16 MP: 3/3
    47 | D:1      | Learned a level 2 spell: Slow
   824 | D:2      | Reached skill level 4 in Crossbows
   824 | D:2      | Reached XP level 3. HP: 19/20 MP: 4/4
  1488 | D:2      | Found a blossoming altar of Fedhas.
  1620 | D:2      | Found a white marble altar of Elyvilon.
  1694 | D:2      | Reached XP level 4. HP: 25/25 MP: 5/5
  2052 | D:2      | Reached skill level 5 in Crossbows
  2437 | D:3      | Found a glowing drain.
  2524 | D:3      | Slain by an adder

Levels and vault maps discovered:
D:1:      minmay_arrival_open_corners, layout_basic
D:2:      minmay_door_path, layout_loops_ring, elyvilon_altar_5,
          lemuel_crystal_altar, kennysheep_crisscross, minmay_tromino_i4
D:3:      layout_loops_ring, gammafunk_temple_overflow_elements, first_ration,
          cheibrodos_sewer_entry_sluice, uniq_terence, uniq_crazy_yiuf_cottage,
          uniq_natasha

Skill      XL: |  1  2  3  4 |
---------------+-------------+-----
Crossbows      | 3 4 5 |  5.7
Fighting       | |  1.1
Dodging        | |  2.4
Spellcasting   | |  1.1
Hexes          | |  3.0

Action                   |  1- 3 |  4- 6 || total
-------------------------+-------+-------++-------
Melee: Spear             |    78 |    47 ||   125
 Fire: Hand crossbow     |    25 |    29 ||    54
 Cast: Corona            |     5 |     3 ||     8
       Slow              |       |     3 ||     3
  Use: Potion            |       |     3 ||     3
       Scroll            |       |     1 ||     1
 Stab: Sleeping          |     1 |       ||     1
  Eat: Chunk             |     7 |     6 ||    13
Armor: Leather armour    |     7 |    12 ||    19
Dodge: Dodged            |    35 |    53 ||    88

Table legend:
 A = Non-vault XP
 B = Vault XP
 C = Vault XP percentage of total XP
 D = Non-vault monster count
 E = Vault monster count
 F = Vault count percentage of total count
                 A         B        C        D         E       F
            +---------+---------+-------+---------+---------+-------
      Total |      93 |      40 |  30.1 |      35 |      10 |  22.2
            +---------+---------+-------+---------+---------+-------
        D:1 |      24 |       0 |   0.0 |      16 |       0 |   0.0
        D:2 |      39 |      29 |  42.6 |      15 |       7 |  31.8
        D:3 |      30 |      11 |  26.8 |       4 |       3 |  42.9
            +---------+---------+-------+---------+---------+-------
